AoeStats
← evrenos

Arena

504313708Analyzed
2v2 RM · 27d ago on Sep 4, 2026· 42m 32s· 4 players
Game mode
Random Map
Map size
Medium (4 player)
Population
200
Speed
Normal
Resources
Standard
Victory
Conquest
Starting age
Dark Age
Ending age
Imperial Age
RankedLock teamsTeams togetherTeam positionsShared explorationLock speedFull tech treeHidden civsTurbo modeCheats
Victory
Defeat
🇫🇷 Teutons · France
1158
+13
🇫🇷 Britons · France
1068
+17
🇹🇷 Lithuanians · Türkiye
1114
-16
🇹🇷 Turks · Türkiye
1065
-14
evrenos
9:16 Feudal Age
10:13 Loom
13:33 Castle Age
12:38 Double-Bit Axe
25:37 Fervor
27:37 Scale Barding Armor
29:46 Forging
36:00 Imperial Age
34:08 Wheelbarrow
33:21 Town Watch
35:09 Iron Casting
34:57 Chain Barding Armor
39:43 Iron Casting
40:22 Bloodlines
40:12 Husbandry
42:22 Elite Leitis
braveheart
11:17 Feudal Age
20:46 Castle Age
19:59 Double-Bit Axe
40:23 Imperial Age
Mahmoud Groschibre 1er
5:14 Loom
11:59 Feudal Age
16:48 Castle Age
15:34 Double-Bit Axe
15:45 Gold Mining
18:30 Wheelbarrow
17:51 Horse Collar
19:46 Fletching
21:08 Bodkin Arrow
25:37 Pikeman
28:53 Squires
29:15 Forging
30:34 Hand Cart
34:48 Stone Mining
37:20 Yeomen
37:00 Crossbowman
38:33 Padded Archer Armor
43:24 Imperial Age
42:02 Leather Archer Armor
Homère
6:38 Loom
9:18 Feudal Age
11:09 Double-Bit Axe
12:06 Fletching
16:02 Horse Collar
25:05 Castle Age
23:46 Bloodlines
24:25 Gold Mining
26:41 Forging
28:16 Wheelbarrow
28:14 Scale Barding Armor
29:43 Bow Saw
30:36 Heavy Plow
31:21 Town Watch
31:53 Pikeman
32:33 Squires
33:25 Squires
33:10 Arson
34:13 Ballistics
34:35 Hand Cart
34:53 Scale Mail Armor
37:25 Iron Casting
37:06 Chain Mail Armor
38:29 Town Patrol
41:10 Imperial Age
39:54 Chain Barding Armor
39:30 Bodkin Arrow
39:39 Stone Mining
40:23 Padded Archer Armor
40:37 Masonry
41:44 Cavalier
43:00 Plate Barding Armor
43:27 Blast Furnace
42:03 Halberdier
43:44 Stone Shaft Mining
Connection lost

Rejoining the realm…

Still unreachable

The connection could not be restored.

Session expired

The server has moved on; the page needs a fresh start.